AoeStats
← gustebrius

Arabia

510662280Analyzed
1v1 RM · 16h ago on Oct 2, 2026· 52m 51s· 2 players
Game mode
Random Map
Map size
Tiny (2 player)
Population
200
Speed
Normal
Resources
Standard
Victory
Conquest
Starting age
Dark Age
Ending age
Imperial Age
RankedLock teamsTeams togetherTeam positionsShared explorationLock speedFull tech treeHidden civsTurbo modeCheats
Victory
Defeat
🇨🇱 Britons · Chile
828
+16
🇨🇱 Franks · Chile
825
-16
gustebrius
8:46 Loom
10:33 Feudal Age
20:20 Castle Age
19:17 Scale Barding Armor
21:04 Husbandry
26:00 Forging
26:11 Chain Barding Armor
28:53 Gold Mining
28:52 Double-Bit Axe
28:59 Stone Mining
30:45 Wheelbarrow
30:49 Town Watch
39:31 Imperial Age
37:20 Hand Cart
37:19 Bow Saw
39:49 Cavalier
41:32 Iron Casting
40:57 Scale Mail Armor
44:03 Plate Barding Armor
44:29 Blast Furnace
44:35 Chemistry
45:04 Gold Shaft Mining
44:19 Stone Mining
45:19 Scale Mail Armor
51:37 Chain Mail Armor
SirGeorgeWL
9:41 Feudal Age
7:57 Loom
10:12 Double-Bit Axe
12:59 Wheelbarrow
17:53 Fletching
24:04 Castle Age
22:08 Padded Archer Armor
24:38 Forging
24:30 Scale Mail Armor
24:07 Pikeman
25:22 Bodkin Arrow
26:08 Squires
26:01 Crossbowman
29:49 Chain Mail Armor
29:33 Horse Collar
31:15 Bow Saw
31:55 Gold Mining
32:45 Iron Casting
34:32 Hand Cart
36:38 Ballistics
36:26 Gambesons
39:52 Gold Shaft Mining
39:07 Stone Mining
42:25 Imperial Age
41:29 Yeomen
40:54 Light Cavalry
43:30 Bracer
43:28 Capped Ram
45:18 Arbalester
46:14 Halberdier
49:17 Warwolf
48:40 Elite Longbowman
Connection lost

Rejoining the realm…

Still unreachable

The connection could not be restored.

Session expired

The server has moved on; the page needs a fresh start.